 Dungeon Crawl Stone Soup version 0.29-a0-91-gdebf4667c2 (webtiles) character file.

Game seed: 9301611676904229153

44 cyrus the Covered (level 3, -1/24 HPs)
             Began as a Tengu Fighter on Feb 9, 2022.
             Was a Follower of Cheibriados.
             Slain by an orc (3 damage)
             ... on level 3 of the Dungeon.
             The game lasted 00:03:53 (1683 turns).

cyrus the Covered (Tengu Fighter)                   Turns: 1683, Time: 00:03:54

Health: -1/24      AC:  7    Str: 19    XL:     3   Next: 60%
Magic:  4/4        EV:  9    Int: 13    God:    Cheibriados [*.....]
Gold:   66         SH:  5    Dex: 16    Spells: 2/2 levels left

rFire   . . .      SeeInvis .   a - +0 trident
rCold   . . .      Faith    .   c - +0 buckler
rNeg    . . .      Spirit   .   b - +0 scale mail
rPois   .          Reflect  .   (helmet restricted)
rElec   .          Harm     .   l - scarf {repulsion}
rCorr   .          Rampage  .   (no gloves)
Will    .....                   (boots unavailable)
Stlth   ..........              (no amulet)
HPRegen 0.08/turn               (no ring)
MPRegen 0.09/turn               (no ring)

@: mighty, repel missiles, very slow
A: beak, talons 3
a: Renounce Religion, Bend Time


You were on level 3 of the Dungeon.
You worshipped Cheibriados.
Cheibriados was aware of your devotion.
You visited 1 branch of the dungeon, and saw 3 of its levels.

You collected 66 gold pieces.

Inventory:

Hand Weapons
 a - a +0 trident (weapon)
Armour
 b - a +0 scale mail (worn)
 c - a +0 buckler (worn)
 l - a scarf of repulsion (worn)
Scrolls
 f - a scroll of torment {unknown}
 h - 2 scrolls of magic mapping {unknown}
 i - 3 scrolls of amnesia {unknown}
 j - a scroll of teleportation {unknown}
 k - a scroll of summoning {unknown}
 p - a scroll of identify {unknown}
Potions
 e - a potion of lignification {unknown}
 g - a potion of brilliance {unknown}
 m - a potion of degeneration {unknown}
 n - a potion of ambrosia {unknown}
 o - a potion of curing {unknown}


   Skills:
 + Level 3.7 Fighting
 + Level 2.4 Polearms
 + Level 3.8 Armour
 + Level 3.2 Shields


You had 2 spell levels left.
You didn't know any spells.
Your spell library contained the following spells:

 Spells                   Type           Power      Damage    Failure   Level
 Animate Skeleton         Necr           0%         N/A       75%         1
 Pain                     Necr           0%         1d4       75%         1
 Vampiric Draining        Necr           0%         2d6       98%         3


Dungeon Overview and Level Annotations

Branches:
Dungeon (3/15)

Altars:
Cheibriados


Innate Abilities, Weirdness & Mutations

You have a beak for a mouth.
You have claws for feet.


Message History

The quokka barely misses you. You block the quokka's attack.
You puncture the quokka!
You kill the quokka!
Cheibriados thoroughly appreciates the change of pace.
An orc priest comes into view. It is wielding a +0 club.
The orc priest shouts!
An orc comes into view. It is wielding a +0 dagger.
An adder comes into view.
An orc wizard comes into view. It is wielding a +0 dagger.
The orc priest mumbles some strange prayers to Beogh against you.
Beogh smites you!
Ouch! That really hurt!
The orc wizard shouts!
You hear a shout!
The adder hisses angrily.
The orc priest mumbles some strange prayers to Beogh against you.
You barely resist.
An orc comes into view. It is wielding a +0 dagger.
The orc wizard gestures at you while chanting.
The magic dart hits you.
* * * LOW HITPOINT WARNING * * *
You feel very mighty all of a sudden. The adder barely misses you.
You block the adder's attack.
The orc priest mumbles some strange prayers to Beogh against you.
Pain shoots through your body!
* * * LOW HITPOINT WARNING * * *
You miss the adder. You claw the adder!
The adder is severely wounded.
The adder bites you but does no damage.
The orc wizard mumbles some strange words.
The orc wizard flickers and vanishes!
Deactivating autopickup; reactivate with Ctrl-A.
The adder bites you.
* * * LOW HITPOINT WARNING * * *
Unknown command.
You hit the adder.
You kill the adder!
Cheibriados thoroughly appreciates the change of pace.
Cheibriados raises the support of your attributes as your movement slows.
The orc hits you with a +0 dagger.
You die...

..# ..#.#####... ########.#
#.#...#....#
....#....###.#.#.#.##.####.
...................<.......
...........................
...........................
##......†.................
#.......{o...............
#......o.†@..)...........
#.......o................
#.../...................#
#......<..............
#.....................
#.....................
#.....................
#.....................
#.....................


You could see an orc priest and 2 orcs.

Vanquished Creatures
  An adder (D:3)
  A dart slug (D:1)
  7 ball pythons
  4 endoplasms
  A giant cockroach (D:1)
  4 goblins
  5 hobgoblins
  3 jackals (D:1)
  3 quokkas
  4 bats
  A frilled lizard (D:2)
  4 rats
38 creatures vanquished.

Notes
Turn   | Place    | Note
-------+----------+-------------------------------------------
     0 | D:1      | cyrus the Tengu Fighter began the quest for the Orb.
     0 | D:1      | Reached XP level 1. HP: 14/14 MP: 2/2
   245 | D:1      | Reached XP level 2. HP: 5/19 MP: 3/3
   735 | D:1      | Reached XP level 3. HP: 15/24 MP: 4/4
  1379 | D:2      | Noticed a shining eye
  1381 | D:2      | Found a faded altar of an unknown god.
  1387 | D:2      | Noticed a shining eye
  1392 | D:2      | Noticed an eye of devastation
  1398 | D:2      | Noticed a shining eye
  1404 | D:2      | Prayed at the altar of an unknown god.
  1404 | D:2      | Became a worshipper of Cheibriados the Contemplative
  1404 | D:2      | Reached * piety under Cheibriados
  1683 | D:3      | Slain by an orc

Illustrated notes

Levels and vault maps discovered:
D:1:      wheals_arrival_shading, layout_rooms, kennysheep_pointless_box
D:2:      layout_basic, hellmonk_ecumenical_altar_watching_god,
          minmay_misc_feat_five
D:3:      layout_basic, grunt_dithmenos_smoke_and_mirrors,
          chequers_serial_rivers_micro_c

Action                   || total
-------------------------++-------
Melee: Trident           ||    82
       Kick              ||    13
       Peck              ||     9
  Use: Potion            ||     1
Armor: Scale mail        ||    56
Dodge: Dodged            ||    53
Block: Buckler           ||    23

Table legend: (Time is in decaauts)
 A = Elapsed time spent in this place.
 B = Non-inter-level travel time spent in this place.
 C = Inter-level travel time spent in this place.
 D = Time resting spent in this place.
 E = Time spent auto-exploring this place.
 F = Levels seen in this place.
 G = Mean time per level.
                   A        B        C        D        E       F      G
               +--------+--------+--------+--------+--------+-----+--------+
         Total |   1800 |   1798 |      2 |    289 |   1065 |   3 |  600.0 |
       Dungeon |   1800 |   1798 |      2 |    289 |   1065 |   3 |  600.0 |
               +--------+--------+--------+--------+--------+-----+--------+

Top non-repeatable levels by time:
     D:1: 1162 daAuts
     D:2: 564 daAuts
     D:3: 72 daAuts
